 Dungeon Crawl Stone Soup version 0.20.0-10-g0535bb4 (webtiles) character file.

207 Rrauwl the Ruffian (level 5, -2/47 HPs)
             Began as a Troll Monk on June 6, 2017.
             Slain by Sigmund
             ... wielding a +3 scythe of slicing
              (8 damage)
             ... on level 4 of the Dungeon.
             The game lasted 00:08:05 (2399 turns).

Rrauwl the Ruffian (Troll Monk)                     Turns: 2399, Time: 00:08:06

Health: -2/47      AC:  5    Str: 19    XL:     5   Next: 54%
Magic:  4/4        EV: 11    Int:  7    God:
Gold:   294        SH:  0    Dex: 14    Spells: 4/4 levels left

rFire    . . .     SeeInvis .     - Unarmed
rCold    . . .     Gourm    +   (no shield)
rNeg     + . .     Faith    .   c - +0 robe
rPois    +         Spirit   .   (helmet restricted)
rElec    .         Reflect  .   (no cloak)
rCorr    .         Harm     .   (gloves unavailable)
MR       .....                  (boots unavailable)
Stlth    +.........             (no amulet)
Regen    0.6/turn               d - ring of positive energy
MPRegen  0.1/turn               (no ring)

@: confused
A: unfitting armour, claws 3, agile 1, fast metabolism 3, frail 1, gourmand,
mutation resistance 1, poison resistance, regeneration 1, shaggy fur 1, tough
skin 2
a: no special abilities


You were on level 4 of the Dungeon.
You were very full.

You visited 1 branch of the dungeon, and saw 4 of its levels.

You collected 294 gold pieces.

Inventory:

Missiles
 g - a throwing net (quivered)
Armour
 c - a +0 robe (worn)
Jewellery
 d - a ring of positive energy (left claw)
Scrolls
 a - a scroll of remove curse
 e - a scroll of identify
 j - 4 scrolls of teleportation
Comestibles
 b - 3 bread rations
 f - 4 chunks of flesh
 k - a fruit


   Skills:
 - Level 3.0 Fighting
 - Level 3.1 Dodging
 - Level 1.0 Stealth
 + Level 5.4 Unarmed Combat


You had 4 spell levels left.
You didn't know any spells.

Dungeon Overview and Level Annotations

Branches:
Dungeon (4/15)
 Temple: D:4-7

Altars:

Annotations:
D:4 Sigmund


Innate Abilities, Weirdness & Mutations

You are too large for most types of armour.
You have claws for hands.
Your metabolism is lightning-fast.
You like to eat raw meat.
Your natural rate of healing is unusually fast.
You are covered in fur. (AC +1)
You have very tough skin. (AC +2)
You are agile. (Dex +2)
You are frail. (-10% HP)
You are somewhat resistant to further mutation.
Your system is resistant to poisons. (rPois)


Message History

You are more confused.
You hear some strange, mumbled words.
You are more confused.
Something hits you! Something hits you!
You hear some strange, mumbled words.
Something tries to affect you, but you resist.
Something hits you!
* * * LOW HITPOINT WARNING * * *
x2 You aren't carrying any potions.
You're too confused!
You're too confused to move!
You hear some strange, mumbled words.
A magic dart appears from out of thin air!
The magic dart hits you!
* * * LOW HITPOINT WARNING * * *
Something hits you but does no damage.
You miss something. Something hits you!
You die...

*,,,,,,,#..............#,,,,,,*
+,,,,,,,#..............#.,**,,*
*,,,,,,,#..............'.,**+**
*,,,,,,,#..............#,,,,,,*
*,,,,,,,#..............#,,,,,,*
*****,,,#..............#,,,,,,*
###**,,,###'##.........#,>,,,,*
..#,,,,,#....#.........#,,,,,,*
..#,,,,,#....#..@...[..#,,,,,,*
..#,....#....#.......<.#,,,,,,*
.##*#...##...#....†....#,,,,,,*
.####...##...#.........#,,**,,*
...#....#....#.........#,,*****
...#....#....#...!.....#,,,,,,*
.).#....#....#.........#,,,,,,*
...##...##...#.........#,,,,,,*
.).##...##...#.........#,,**,,*


There were no monsters in sight!

Vanquished Creatures
  An orc wizard (D:3)
  A worker ant (D:4)
  4 gnolls (D:4)
  2 adders
  An ooze (D:1)
  3 worms
  A dart slug (D:1)
  4 leopard geckos
  7 orcs
  11 giant cockroaches
  6 goblins
  4 hobgoblins
  4 jackals (D:3)
  2 quokkas (D:3)
  A ball python (D:1)
  7 bats
  A frilled lizard (D:2)
  7 kobolds
  7 rats
  A fungus (D:1)
75 creatures vanquished.

Notes
Turn   | Place    | Note
-------+----------+-------------------------------------------
     0 | D:1      | Rrauwl the Troll Monk began the quest for the Orb.
     0 | D:1      | Reached XP level 1. HP: 22/22 MP: 0/0
   214 | D:1      | Reached XP level 2. HP: 24/29 MP: 1/1
   875 | D:2      | Reached XP level 3. HP: 33/36 MP: 2/2
  1366 | D:2      | Reached skill level 4 in Unarmed Combat
  1366 | D:2      | Reached XP level 4. HP: 38/45 MP: 3/3
  1992 | D:3      | Reached XP level 5. HP: 53/53 MP: 4/4
  2066 | D:4      | Noticed Sigmund
  2070 | D:4      | Gained mutation: You are frail. (-10% HP) [potion of mutation]
  2070 | D:4      | Gained mutation: You are agile. (Dex +2) [potion of mutation]
  2070 | D:4      | Gained mutation: Your system is resistant to poisons. (rPois) [potion of mutation]
  2070 | D:4      | Gained mutation: You are somewhat resistant to further mutation. [potion of mutation]
  2088 | D:4      | Reached skill level 5 in Unarmed Combat
  2399 | D:4      | Slain by Sigmund

Skill      XL: |  1  2  3  4  5 |
---------------+----------------+-----
Fighting       | 3 |  3.0
Unarmed Combat | 4 5 |  5.4
Dodging        | 3 |  3.1
Stealth        | |  1.0

Action                   |  1- 3 |  4- 6 || total
-------------------------+-------+-------++-------
Melee: Unarmed           |   128 |    84 ||   212
       Punch             |     5 |     3 ||     8
  Use: Potion            |     1 |     3 ||     4
       Scroll            |       |     7 ||     7
 Stab: Sleeping          |       |     1 ||     1
  Eat: Chunk             |    18 |     9 ||    27
Armor: Robe              |    47 |    24 ||    71
       Skin              |       |    21 ||    21
Dodge: Dodged            |    60 |    35 ||    95
